 Dungeon Crawl Stone Soup version 0.31-a0-187-gba352fbbf7 (webtiles) character file.

Game seed: 16845004898166869019

69 qw the Shooter (level 4, -1/25 HPs)
             Began as a Deep Elf Hunter on June 22, 2023.
             Slain by a shadow (24 damage)
             ... on level 6 of the Dungeon.
             The game lasted 00:00:36 (1490 turns).

qw the Shooter (Deep Elf Hunter)                    Turns: 1490, Time: 00:00:37

Health: -1/25      AC:  7    Str: 10    XL:     4   Next: 2%
Magic:  0/6        EV:  9    Int: 14    God:
Gold:   51         SH:  0    Dex: 18    Spells: 3/3 levels left

rFire   . . .        Y - +0 arbalest
rCold   . . .        (shield currently unavailable)
rNeg    . . .        j - +0 scale mail
rPois   .            (no helmet)
rElec   .            e - +0 cloak
rCorr   .            (no gloves)
SInv    .            (no boots)
Will    +....        g - amulet of guardian spirit
Stlth   +            h - ring of willpower
HPRegen 0.24/turn    (no ring)
MPRegen 0.10/turn

%: guardian spirit
@: no status effects
A: no striking features
a: no special abilities


You were on level 6 of the Dungeon.
You visited 1 branch of the dungeon, and saw 4 of its levels.

You collected 163 gold pieces.
You spent 112 gold pieces at shops.


   Skills:
 - Level 1.5 Fighting
 + Level 7.4 Ranged Weapons
 - Level 2.4 Dodging
 - Level 1.2 Stealth


You had 3 spell levels left.
You didn't know any spells.
Your spell library was empty.

Inventory:

Hand Weapons
 Y - a +0 arbalest (weapon)
Armour
 e - a +0 cloak (worn)
 j - a +0 scale mail (worn)
Jewellery
 g - an amulet of guardian spirit (around neck)
 h - a ring of willpower (left hand)
Scrolls
 a - a scroll of identify
 c - a scroll of torment {unknown}
 d - a scroll of summoning {unknown}
 f - 3 scrolls of teleportation
Potions
 b - a potion of resistance {unknown}
 i - 3 potions of curing
 m - a potion of attraction {unknown}

Dungeon Overview and Level Annotations

Branches:
Dungeon (3/15)

Altars:

Shops:
D:3 *


Message History

There is a stone staircase leading down here.
Enter note: You shoot a bolt.
The adder hisses angrily.
The bolt hits the goblin!!
You kill the goblin!
You shoot a bolt. The bolt misses the adder.
You shoot a bolt. The bolt hits the adder!!
You kill the adder!
You have reached level 4!
You feel clever.
You now have 51 gold pieces (gained 13).
Found a stone staircase leading up.
Enter note:
Enter note:
Found a stone staircase leading down.
Enter note:
Enter note:
Found 6 poisoned darts.
Enter note:
Enter note: You see here 6 poisoned darts.
A sourceless malevolence fills the Dungeon...
You fall into a shaft and drop 3 floors!
The shaft crumbles and collapses.
A shadow comes into view.
Waypoint 3 assigned to D:6.
You shoot a bolt. The bolt hits the shadow!
The shadow is moderately damaged.
The shadow hits you.
You shoot a bolt.
The bolt hits the shadow but does no damage.
The shadow is moderately damaged.
The shadow barely misses you. The shadow hits you.
You shoot a bolt. The bolt hits the shadow!
The shadow is almost destroyed.
The shadow slips into darkness.
The shadow flickers and vanishes!
Deactivating autopickup; reactivate with Ctrl-A.
The shadow strikes at you from the darkness!
Ouch! That really hurt!
You die...

###
#.###.##..
##@.......
#{###....
..# # ...#
##.## ..
##


There were no monsters in sight!

Vanquished Creatures
  2 adders
  2 dart slugs (D:2)
  An orc (D:3)
  3 endoplasms
  3 giant cockroaches
  A goblin (D:3)
  4 hobgoblins
  5 jackals (D:1)
  A quokka (D:2)
  7 ball pythons
  4 bats
  3 frilled lizards
  4 kobolds
  5 rats (D:1)
45 creatures vanquished.

Notes
Turn   | Place    | Note
-------+----------+-------------------------------------------
     0 | D:1      | qw the Deep Elf Hunter began the quest for the Orb.
     0 | D:1      | Reached XP level 1. HP: 12/12 MP: 3/3
     0 | D:1      | 0 ||| qw: Version: 0.3-a-9-g12657ce
     0 | D:1      | 0 ||| qw: Game counter: 2397
     0 | D:1      | 0 ||| qw: Always use a shield: true
     0 | D:1      | 0 ||| qw: God list: Okawaru
     0 | D:1      | 0 ||| qw: Allow faded altars: false
     0 | D:1      | 0 ||| qw: Do Orc after D:15 true
     0 | D:1      | 0 ||| qw: Do second Lair branch before Depths: true
     0 | D:1      | 0 ||| qw: Lair rune preference: random
     0 | D:1      | 0 ||| qw: Plans: Normal
     0 | D:1      | 0 ||| PLANNING D:1-11
    55 | D:1      | HP: 3/12 [frilled lizard (2)]
   174 | D:1      | Reached XP level 2. HP: 16/16 MP: 4/4
   178 | D:1      | Reached skill level 6 in Ranged Weapons
   504 | D:1      | Found a faded altar of an unknown god.
   613 | D:1      | 613 ||| UPGRADING to +0 cloak.
   618 | D:1      | 618 ||| UPGRADING to +0 scale mail.
   628 | D:1      | 628 ||| DROPPING +0 leather armour.
   629 | D:1      | 629 ||| UPGRADING to amulet of guardian spirit.
   634 | D:1      | 634 ||| READING 2 scrolls labelled SYHIAR HOST.
   635 | D:1      | 635 ||| READING scroll labelled YSUIME JU VAU.
   636 | D:1      | 636 ||| READING scroll labelled SYQA QEFRIOSCHUW.
   637 | D:1      | 637 ||| READING 3 scrolls labelled QONLOTZ KIPRAS.
   638 | D:1      | 638 ||| READING scroll labelled NAESCH BADEFEMP.
   642 | D:1      | 642 ||| DRINKING 3 fuming pink potions.
   643 | D:1      | 643 ||| DROPPING scroll of butterflies.
   644 | D:1      | 644 ||| DROPPING 2 scrolls of amnesia.
   767 | D:2      | 767 ||| SWAPPING to +0 arbalest.
   769 | D:2      | Reached XP level 3. HP: 20/20 MP: 5/5
   769 | D:2      | 769 ||| DROPPING +0 shortbow.
  1068 | D:2      | Reached skill level 7 in Ranged Weapons
  1300 | D:2      | 1300 ||| UPGRADING to ring of willpower.
  1301 | D:2      | 1301 ||| READING scroll labelled TIEGYAROOL.
  1302 | D:2      | 1302 ||| READING 2 scrolls of identify.
  1302 | D:2      | 1302 ||| IDENTIFYING brown potion
  1303 | D:2      | 1303 ||| DROPPING potion of degeneration.
  1373 | D:3      | Found Siklyr's Assorted Antiques.
  1383 | D:3      | 1383 ||| BUYING glowing yellow potion (17 gold).
  1383 | D:3      | Bought a glowing yellow potion for 17 gold pieces
  1383 | D:3      | 1383 ||| BUYING scroll labelled LEUDOE ATWUACH (19 gold).
  1383 | D:3      | Bought a scroll labelled LEUDOE ATWUACH for 19 gold pieces
  1383 | D:3      | 1383 ||| BUYING scroll labelled QUEK LAAL QER (19 gold).
  1383 | D:3      | Bought a scroll labelled QUEK LAAL QER for 19 gold pieces
  1383 | D:3      | 1383 ||| BUYING scroll of teleportation (57 gold).
  1383 | D:3      | Bought a scroll of teleportation for 57 gold pieces
  1402 | D:3      | Reached XP level 4. HP: 25/25 MP: 6/6
  1486 | D:3      | You fall into a shaft and drop 3 floors!
  1487 | D:6      | Noticed a shadow
  1490 | D:6      | Slain by a shadow

Levels and vault maps discovered:
D:1:      dreamdust_arrival_sigmund_warning, layout_basic,
          basic_ecumenical_altar
D:2:      layout_basic
D:3:      minmay_chambers_of_threes, layout_basic, trog_butcher_becter,
          chequers_temple_overflow_minitemple, serial_shops, shop,
          uniq_crazy_yiuf_cottage
D:6:      layout_layer_cave, uniq_grinder

Skill      XL: |  1  2  3 |
---------------+----------+-----
Ranged Weapons | 6 7 |  7.4
Fighting       | |  1.5
Dodging        | |  2.4
Stealth        | |  1.2

Action                     |  1- 3 |  4- 6 || total
---------------------------+-------+-------++-------
   Fire: Shortbow          |    59 |       ||    59
         Arbalest          |    48 |     3 ||    51
    Use: Scroll            |     7 |       ||     7
         Potion            |     1 |       ||     1
 Armour: Leather armour    |     2 |       ||     2
         Scale mail        |    19 |     1 ||    20
  Dodge: Dodged            |    21 |     1 ||    22

Table legend:
 A = Non-vault XP
 B = Vault XP
 C = Vault XP percentage of total XP
 D = Non-vault monster count
 E = Vault monster count
 F = Vault count percentage of total count
                 A         B        C        D         E       F
            +---------+---------+-------+---------+---------+-------
      Total |      99 |       0 |   0.0 |      45 |       0 |   0.0
            +---------+---------+-------+---------+---------+-------
        D:1 |      33 |       0 |   0.0 |      23 |       0 |   0.0
        D:2 |      45 |       0 |   0.0 |      17 |       0 |   0.0
        D:3 |      21 |       0 |   0.0 |       5 |       0 |   0.0
            +---------+---------+-------+---------+---------+-------
